 Dungeon Crawl Stone Soup version 0.23-a0-436-g57debff (webtiles) character file.

13850 Inarius the Cleaver (level 12, -5/101 HPs)
             Began as a Ghoul Fighter on Nov 16, 2018.
             Was a High Priest of Okawaru.
             Slain by an orc warrior
             ... wielding a +4 halberd
             ... led by an orc knight
              (29 damage)
             ... on level 11 of the Dungeon.
             The game lasted 00:26:43 (11274 turns).

Inarius the Cleaver (Ghoul Fighter)                Turns: 11274, Time: 00:26:44

Health: -5/101     AC: 20    Str: 21    XL:     12   Next: 10%
Magic:  23/23      EV:  6    Int:  9    God:    Okawaru [*****.]
Gold:   773        SH: 10    Dex:  8    Spells: 11/11 levels left

rFire    + . .     SeeInvis .   s - +4 broad axe (flame)
rCold    + + +     Gourm    .   c - +0 shield
rNeg     + + +     Faith    .   x - +2 chain mail {rC+}
rPois    ∞         Spirit   .   r - +2 helmet
rElec    .         Reflect  .   U - scarf {rC+ rF+}
rCorr    .         Harm     .   k - +0 pair of gloves
MR       .....                  S - +2 pair of boots
Stlth    ..........             (no amulet)
HPRegen  0.00/turn              C - +2 ring of intelligence
MPRegen  0.18/turn              D - ring of magical power

@: rotting
A: rotting body, claws 1, carnivore, cold resistance 1, negative energy
resistance 3, inhibited regeneration, torment resistance, unbreathing
a: Heroism, Finesse, Renounce Religion


You were on level 11 of the Dungeon.
You worshipped Okawaru.
Okawaru was extremely pleased with you.
You were not hungry.

You visited 2 branches of the dungeon, and saw 12 of its levels.
You also visited: Bailey.

You collected 773 gold pieces.

Inventory:

Hand Weapons
 s - a +4 broad axe of flaming (weapon)
 z - the +9 rapier of Precise Incision {freeze, *Corrode MR+ Str+3}
   (You found it on level 9 of the Dungeon)

   It has been specially enchanted to freeze those struck by it, causing extra
   injury to most foes and up to half again as much damage against particularly
   susceptible opponents.
   It can also slow down cold-blooded creatures.
   It affects your strength (+3).
   It affects your resistance to hostile enchantments.
   It may corrode you when you take damage.
Missiles
 G - 6 tomahawks (quivered)
Armour
 c - a +0 shield (worn)
 k - a +0 pair of gloves (worn)
 q - a +0 cloak
 r - a +2 helmet (worn)
 x - a +2 chain mail of cold resistance (worn)
 S - a +2 pair of boots (worn)
 U - a scarf of resistance (worn)
Jewellery
 C - a +2 ring of intelligence (left hand)
 D - a ring of magical power (right hand)
 O - an uncursed ring of protection from cold
Wands
 v - a wand of acid (3)
 J - a wand of disintegration (13)
 N - a wand of paralysis (2)
 T - a wand of digging (7)
Scrolls
 b - 3 scrolls of remove curse
 g - a scroll of fear {unknown}
 i - 2 scrolls of immolation {unknown}
 n - a scroll of identify
 p - 4 scrolls of amnesia
 u - 5 scrolls of teleportation {unknown}
 y - 2 scrolls of silence {unknown}
 B - 2 scrolls of random uselessness {unknown}
 F - a scroll of fog {unknown}
 I - a scroll of blinking
 L - a scroll of holy word {unknown}
 M - a scroll of noise {unknown}
Potions
 d - 5 potions of might
 e - a potion of cancellation
 h - 6 potions of flight {unknown}
 j - a potion of brilliance
 l - 3 potions of haste
 m - 2 potions of resistance
 o - 2 potions of ambrosia
 t - 6 potions of mutation {unknown}
 w - a potion of magic
 A - a potion of agility
 H - a potion of heal wounds
 K - a potion of curing
 Q - 5 potions of lignification {unknown}
 R - a potion of invisibility
 V - 2 potions of berserk rage {unknown}
Comestibles
 a - 2 chunks of flesh
 f - 26 rations


   Skills:
 + Level 8.0 Fighting
 - Level 1.0 Short Blades
 + Level 12.6 Axes
 + Level 7.2 Armour
 + Level 7.2 Shields
 + Level 4.4 Evocations


You had 11 spell levels left.
You didn't know any spells.
Your spell library contained the following spells:

 Spells                   Type           Power        Failure   Level  Hunger
 Confusing Touch          Hex            #.....       100%        1    ##.....
 Corona                   Hex            #......      100%        1    ##.....
 Summon Small Mammal      Summ           #...         100%        1    ##.....
 Call Imp                 Summ           #.......     100%        2    ###....
 Ensorcelled Hibernation  Hex/Ice        #.....       100%        2    ###....
 Poisonous Vapours        Pois/Air       #.....       100%        2    ###....
 Call Canine Familiar     Summ           #.......     100%        3    ####...
 Confuse                  Hex            #.......     100%        3    ####...
 Conjure Flame            Conj/Fire      #.......     100%        3    ####...
 Dazzling Spray           Conj/Hex       #.....       100%        3    ####...
 Gell's Gravitas          Tloc           #.........   100%        3    ####...
 Mephitic Cloud           Conj/Pois/Air  #.......     100%        3    ####...
 Summon Guardian Golem    Hex/Summ       #.......     100%        3    ####...
 Tukima's Dance           Hex            #.......     100%        3    ####...
 Petrify                  Tmut/Erth      #.......     100%        4    #####..
 Summon Ice Beast         Ice/Summ       #.......     100%        4    #####..
 Summon Lightning Spire   Summ/Air       #.......     100%        4    #####..
 Metabolic Englaciation   Hex/Ice        #.........   100%        5    ######.
 Yara's Violent Unravell  Hex/Tmut       #.........   100%        5    ######.
 Freezing Cloud           Conj/Ice/Air   #.........   100%        6    #######
 Ring of Flames           Chrm/Fire      #.........   100%        7    #######


Dungeon Overview and Level Annotations

Branches:
Dungeon (11/15)            Temple (1/1) D:5            Lair (0/6) D:9
    Orc (0/2) D:9

Altars:
Cheibriados
Dithmenos
Elyvilon
Gozag
Hepliaklqana
Kikubaaqudgha
Makhleb
Nemelex Xobeh
Okawaru
Qazlal
Ru
Sif Muna
Uskayaw
Vehumet
Wu Jian
Xom
Yredelemnul
Zin
Lugonu

Shops:
D:11 }

Annotations:
D:11 2 transporters


Innate Abilities, Weirdness & Mutations

Your body is rotting away.
You thrive on raw meat.
You are immune to poison.
You have sharp fingernails.
You are carnivorous and can eat meat at any time.
Your flesh is cold resistant. (rC+)
You are immune to negative energy. (rN+++)
You do not regenerate when monsters are visible.
You are immune to unholy pain and torment.
You can survive without breathing.


Message History

Unknown command.
Evoke which item? (* to show all) (? for menu, Esc to quit)
Aiming: Corrosive Bolt
Press: ? - help, Shift-Dir - straight line, f - orc warrior, p - orc knight
Aim: an orc warrior, wielding a +4 halberd and wearing a +0 chain mail The bolt of acid hits the orc knight.
The orc knight is splashed with acid.
The orc knight is heavily wounded.
The bolt of acid hits the orc warrior.
The orc warrior is splashed with acid.
The orc warrior is heavily wounded.
The orc warrior hits you from afar with a +4 halberd!!
* * * LOW HITPOINT WARNING * * *
Unknown command.
Unknown command.
Unknown command.
You feel much better.
The orc priest calls upon Beogh to heal the orc warrior.
The orc warrior is healed somewhat.
The orc knight hits you but does no damage.
The orc warrior hits you from afar with a +4 halberd!!
You die...

......#.o...##..##...##$.##..#
......#.o....####.....####>..####
#######.........>................
.........<.......................
.................#####...........
.................# #......#####
###'####.........# #....###....
#......#)..#####.# #....#......
#......#)(.# #@# #....#......
#......#().#####o# #.####......
.......((......#o#+###.#.........
......#######..#o......####......
....###§. #..).........#......
...##... #.###........#......
.......§ #...#........#......
...##... #...#........#......
....###.. ##...#........##'####


You could see an orc knight, an orc warrior and an orc priest.

Vanquished Creatures
  3 two-headed ogres
  An unseen horror (D:10)
  Pikel (D:7)
  2 orc sorcerers (Bailey)
  An ugly thing (D:10)
  A centaur zombie (D:11)
  2 trolls
  A hornet (D:10)
  A hippogriff (D:10)
  Prince Ribbit (D:5)
  A wraith (D:10)
  3 wyverns
  A shadow (D:9)
  3 yaks (D:11)
  A hungry ghost (D:9)
  A vampire mosquito (D:9)
  A soldier ant (D:8)
  5 phantoms
  3 ice beasts
  3 sky beasts
  6 orc warriors
  3 black bears
  2 slaves (D:7)
  2 necrophages
  11 centaurs
  6 ogres
  3 big kobolds
  8 bullfrogs
  A gnoll sergeant (D:9)
  A wyvern zombie (D:11)
  3 scorpions
  6 howler monkeys
  7 crimson imps
  3 bullfrog zombies
  3 quasits
  4 centaur skeletons
  2 jellies (D:9)
  Crazy Yiuf (D:3)
  5 orc priests
  4 bullfrog skeletons
  4 hounds
  6 iguanas
  Jessica (D:2)
  Ijyb (D:5)
  Terence (D:2)
  7 orc wizards
  12 worker ants
  A killer bee zombie (D:9)
  A centaur simulacrum (D:9)
  3 hound skeletons
  A mummy (D:5)
  Robin (D:2)
  11 gnolls
  A howler monkey skeleton (D:4)
  9 adders
  3 shadow imps
  A white imp (D:11)
  2 oozes
  2 worms (D:2)
  3 dart slugs
  5 leopard geckos
  38 orcs
  A ball python (D:5)
  5 bats
  6 giant cockroaches
  26 hobgoblins
  11 jackals
  4 quokkas
  9 frilled lizards
  29 goblins
  3 hobgoblin zombies (D:5)
  A jackal zombie (D:9)
  17 kobolds
  A kobold zombie (D:5)
  A leopard gecko skeleton (D:5)
  3 quokka skeletons
  6 rats
354 creatures vanquished.

Vanquished Creatures (others)
  A scorpion (D:7)
  A howler monkey (D:7)
2 creatures vanquished.

Grand Total: 356 creatures vanquished

Notes
Turn   | Place    | Note
-------+----------+-------------------------------------------
     0 | D:1      | Inarius the Ghoul Fighter began the quest for the Orb.
     0 | D:1      | Reached XP level 1. HP: 19/19 MP: 0/0
    84 | D:1      | Reached skill level 2 in Axes
    84 | D:1      | Reached XP level 2. HP: 24/26 MP: 1/1
   404 | D:1      | Reached XP level 3. HP: 27/31 MP: 2/2
   754 | D:2      | Noticed Jessica
   767 | D:2      | Killed Jessica
   767 | D:2      | Reached XP level 4. HP: 33/40 MP: 3/3
   832 | D:2      | Noticed Terence
   850 | D:2      | Killed Terence
   850 | D:2      | Reached skill level 3 in Axes
  1225 | D:2      | Reached XP level 5. HP: 27/45 MP: 4/4
  1229 | D:2      | Noticed Robin
  1241 | D:2      | Killed Robin
  1859 | D:3      | Found a runed door.
  1881 | D:3      | Found a sacrificial altar of Ru.
  1935 | D:3      | Noticed Crazy Yiuf
  1950 | D:3      | Killed Crazy Yiuf
  1950 | D:3      | Reached skill level 4 in Axes
  2506 | D:4      | Reached XP level 6. HP: 52/52 MP: 5/5
  2545 | D:4      | Noticed a phantom
  2561 | D:4      | Reached skill level 5 in Axes
  2587 | D:4      | Killed a phantom
  2587 | D:4      | Reached XP level 7. HP: 49/58 MP: 6/6
  3148 | D:3      | Reached skill level 6 in Axes
  3423 | D:4      | Reached XP level 8. HP: 54/66 MP: 7/7
  3711 | D:5      | Entered Level 5 of the Dungeon
  3915 | D:5      | Reached skill level 7 in Axes
  3950 | D:5      | Found a staircase to the Ecumenical Temple.
  3962 | Temple   | Entered the Ecumenical Temple
  3999 | Temple   | Became a worshipper of Warmaster Okawaru
  4200 | D:5      | Noticed Ijyb
  4212 | D:5      | Killed Ijyb
  4230 | D:5      | Noticed Prince Ribbit
  4800 | D:5      | Reached skill level 8 in Axes
  5144 | D:5      | Reached skill level 1 in Evocations
  5153 | D:5      | Reached * piety under Okawaru
  5153 | D:5      | Reached XP level 9. HP: 29/73 MP: 8/8
  5178 | D:5      | Killed Prince Ribbit
  5178 | D:5      | Reached skill level 5 in Fighting
  5373 | D:6      | Reached skill level 5 in Shields
  5439 | D:6      | Reached skill level 9 in Axes
  5637 | D:6      | Reached ** piety under Okawaru
  5835 | D:7      | Noticed Pikel
  5855 | D:7      | Killed Pikel
  5901 | D:7      | Found a flagged portal.
  5926 | Bailey   | Entered a bailey
  6006 | Bailey   | Found an iron altar of Okawaru.
  6006 | Bailey   | Noticed an orc sorcerer
  6020 | Bailey   | Noticed a red devil
  6031 | Bailey   | Killed an orc sorcerer
  6031 | Bailey   | Reached *** piety under Okawaru
  6031 | Bailey   | Reached skill level 5 in Armour
  6031 | Bailey   | Reached XP level 10. HP: 31/81 MP: 5/11
  6111 | Bailey   | Reached skill level 10 in Axes
  6146 | Bailey   | Noticed an orc sorcerer
  6166 | Bailey   | Killed an orc sorcerer
  8066 | D:9      | Reached **** piety under Okawaru
  8552 | D:9      | Reached skill level 11 in Axes
  8590 | D:9      | Noticed a two-headed ogre
  8612 | D:9      | Killed a two-headed ogre
  8612 | D:9      | Reached ***** piety under Okawaru
  8615 | D:9      | Reached XP level 11. HP: 88/90 MP: 13/13
  8653 | D:9      | Got an ichor-stained rapier
  8817 | D:9      | Found a staircase to the Orcish Mines.
  8846 | D:9      | Identified the +9 rapier of Precise Incision {freeze,
                  | *Corrode MR+ Str+3} (You found it on level 9 of the
                  | Dungeon)
  9078 | D:9      | Noticed a two-headed ogre
  9088 | D:9      | Killed a two-headed ogre
  9121 | D:9      | Found a staircase to the Lair.
  9268 | D:9      | Reached skill level 1 in Short Blades
  9516 | D:10     | Entered Level 10 of the Dungeon
  9577 | D:10     | Killed an unseen horror
 10147 | D:10     | Received a gift from Okawaru
 10346 | D:10     | Reached skill level 12 in Axes
 10511 | D:11     | Found Zackemog's Gadget Emporium.
 10681 | D:11     | Found a transporter.
 10681 | D:11     | Noticed a white ugly thing
 10683 | D:11     | Noticed a cyan ugly thing
 10684 | D:11     | Found a corrupted altar of Lugonu.
 10684 | D:11     | Noticed a white very ugly thing
 10686 | D:11     | Found a transporter.
 10688 | D:11     | Noticed an orc knight
 10688 | D:11     | Noticed a purple ugly thing
 10690 | D:11     | Noticed a green ugly thing
 10709 | D:10     | Killed a white ugly thing
 11119 | D:11     | Reached XP level 12. HP: 91/101 MP: 14/14
 11186 | D:11     | Noticed a two-headed ogre
 11195 | D:11     | Killed a two-headed ogre
 11274 | D:11     | Slain by an orc warrior

Vault maps used:
D:1:      eino_arrival_water_star
D:2:      uniq_terence, uniq_robin, uniq_jessica
D:3:      nicolae_overflow_crystal_walls, first_ration, uniq_crazy_yiuf_cottage
D:5:      corexii_shantytown, minmay_temple_entry_large_hall,
          minmay_misc_feat_columns, kennysheep_path_1, minmay_mini_ossuary,
          uniq_ijyb, uniq_prince_ribbit1
D:7:      enter_bailey_3, uniq_pikel
D:9:      minmay_the_grid_3x2, orc_0_dummy
D:10:     kennysheep_generic_room_6
D:11:     gammafunk_corrupted_shrine, serial_shops,
          nicolae_shop_temple_entry_statues_fountains, minmay_fire_ice_demons
Temple:   compressed_dpeg_circular_temple
Bailey:   bailey_axe_of_yendor_kennysheep, bailey

Skill      XL: |  1  2  3  4  5  6  7  8  9 10 11 12 |
---------------+-------------------------------------+-----
Axes           | 2 3 4 5 6 8 9 11 12 | 12.6
Shields        | 3 4 5 6 7 |  7.2
Armour         | 3 4 5 7 |  7.2
Fighting       | 4 5 6 7 8 |  8.0
Evocations     | 1 3 4 |  4.4
Short Blades   | 1 |  1.0

Action                   |  1- 3 |  4- 6 |  7- 9 | 10-12 || total
-------------------------+-------+-------+-------+-------++-------
Melee: War axe           |    91 |   183 |       |       ||   274
       Hand axe          |       |    46 |   521 |       ||   567
       Broad axe         |       |       |       |   519 ||   519
       Rapier            |       |       |       |    17 ||    17
Throw: Tomahawk          |       |       |       |    20 ||    20
Evoke: Wand              |       |       |     6 |    13 ||    19
  Use: Scroll            |       |       |    11 |    18 ||    29
       Potion            |       |       |     3 |     1 ||     4
 Stab: Paralysed         |       |       |       |     8 ||     8
  Eat: Chunk             |    11 |    41 |    57 |   106 ||   215
Armor: Scale mail        |     9 |       |       |       ||     9
       Plate armour      |    61 |   169 |     5 |       ||   235
       Chain mail        |       |       |   278 |   348 ||   626
Dodge: Dodged            |    24 |    43 |    99 |   140 ||   306
Block: Shield            |    52 |   130 |   245 |   309 ||   736

Table legend:
 A = Non-vault XP
 B = Vault XP
 C = Vault XP percentage of total XP
 D = Non-vault monster count
 E = Vault monster count
 F = Vault count percentage of total count
                 A         B        C        D         E       F
            +---------+---------+-------+---------+---------+-------
      Total |   13967 |    5819 |  29.4 |     242 |     110 |  31.2
            +---------+---------+-------+---------+---------+-------
        D:1 |      45 |       0 |   0.0 |      24 |       0 |   0.0
        D:2 |      62 |     111 |  64.2 |      20 |      15 |  42.9
        D:3 |     268 |      41 |  13.3 |      22 |       1 |   4.3
        D:4 |     800 |       0 |   0.0 |      24 |       0 |   0.0
        D:5 |    1170 |     376 |  24.3 |      37 |      33 |  47.1
        D:6 |     575 |       0 |   0.0 |      16 |       0 |   0.0
        D:7 |     246 |     659 |  72.8 |       4 |       5 |  55.6
        D:8 |     233 |     335 |  59.0 |       5 |       3 |  37.5
        D:9 |    2232 |    2606 |  53.9 |      30 |      20 |  40.0
       D:10 |    4512 |      46 |   1.0 |      26 |       1 |   3.7
       D:11 |    3824 |      10 |   0.3 |      34 |       1 |   2.9
     Bailey |       0 |    1635 | 100.0 |       0 |      31 | 100.0
            +---------+---------+-------+---------+---------+-------
